TOP OF THE 1ST |
Ogden Raptors batting - Pitching for Missoula Osprey : RHP Victor Cisneros
|
Pitching: RHP Victor Cisneros
|
|
Batting: RHB Felipe Rivera
|
0-0: Called Strike 0-1: Ball 1-1: Ball 2-1: Swinging Strike 2-2: Strikes out swinging
|
Batting: RHB Carlos Gonzalez
|
0-0: Swinging Strike 0-1: Swinging Strike 0-2: Ground out 4-3 (Groundball, 4M, EV 90.0 MPH)
|
Batting: RHB Jerry Sanchez
|
0-0: Ball 1-0: Ball 2-0: TRIPLE (Line Drive, 78XD, EV 105.6 MPH)
|
Batting: LHB Pedro Garza
|
0-0: Ball 1-0: Ball 2-0: Called Strike 2-1: Ball 3-1: Foul Ball, location: 2F 3-2: Strikes out looking
|
Top of the 1st over - 0 runs, 1 hit, 0 errors, 1 left on base; Ogden 0 - Missoula 0 |
BOTTOM OF THE 1ST |
Missoula Osprey batting - Pitching for Ogden Raptors : LHP Adrian Huerta
|
Pitching: LHP Adrian Huerta
|
|
Batting: RHB Hyeok Shon
|
0-0: Foul Ball, location: 2F 0-1: Ball 1-1: Swinging Strike 1-2: DOUBLE (Groundball, 5L, EV 107.5 MPH)
|
Batting: RHB Claude Leduc
|
0-0: Ball 1-0: Swinging Strike 1-1: Foul Ball, location: 2F 1-2: Ball 2-2: Ball 3-2: Foul Ball, location: 2F 3-2: Foul Ball, location: 2F 3-2: Strikes out looking
|
Batting: LHB Danny Salas
|
0-0: Called Strike 0-1: Foul Ball, location: 2F 0-2: Ball 1-2: Ball 2-2: Strikes out swinging
|
Batting: LHB Ron Mills
|
0-0: Ball 1-0: Ground out 4-3 (Groundball, 4, EV 81.2 MPH)
|
Bottom of the 1st over - 0 runs, 1 hit, 0 errors, 1 left on base; Ogden 0 - Missoula 0 |
TOP OF THE 2ND |
Ogden Raptors batting - Pitching for Missoula Osprey : RHP Victor Cisneros
|
Batting: SHB Javy Franco
|
0-0: Called Strike 0-1: Foul Ball, location: 2F 0-2: SINGLE (Groundball, 4MS, EV 71.2 MPH) (infield hit)
|
Batting: SHB Jason Todd
|
0-0: Ball 1-0: Called Strike 1-1: Ball 2-1: Ball 3-1: Foul Ball, location: 2F 3-2: Reached on error, E6 (Groundball, 6M, EV 107.5 MPH) Javy Franco to third
|
Batting: RHB Roberto Sotelo
|
0-0: Foul Ball, location: 2F 0-1: Ball 1-1: Foul Ball, location: 2F 1-2: Reached on error, E6 (Groundball, 6, EV 98.8 MPH) Javy Franco scores Jason Todd to third
|
Batting: RHB Alex Diaz
|
0-0: Swinging Strike 0-1: Ball 1-1: Foul Ball, location: 2F 1-2: Strikes out swinging
|
Batting: RHB Guillermo Puente
|
0-0: Ball 1-0: Ball 2-0: Ball 3-0: Base on Balls Roberto Sotelo to second
|
Batting: RHB Felipe Rivera
|
0-0: Ball 1-0: Foul Ball, location: 2F 1-1: Ball 2-1: Ball 3-1: Base on Balls Jason Todd scores Roberto Sotelo to third Guillermo Puente to second
|
Batting: RHB Carlos Gonzalez
|
0-0: Called Strike 0-1: Ball 1-1: Foul Ball, location: 2F 1-2: Foul Ball, location: 2F 1-2: Ball 2-2: Grounds into double play, 6-4-3 (Groundball, 6, EV 85.0 MPH)
|
Top of the 2nd over - 2 runs, 1 hit, 2 errors, 2 left on base; Ogden 2 - Missoula 0 |
BOTTOM OF THE 2ND |
Missoula Osprey batting - Pitching for Ogden Raptors : LHP Adrian Huerta
|
Batting: LHB Nelson Pelico
|
0-0: Foul Ball, location: 2F 0-1: Ball 1-1: Ball 2-1: Called Strike 2-2: Fly out, F8 (Flyball, 8RM, EV 83.1 MPH)
|
Batting: RHB Edwin Romero
|
0-0: Foul Ball, location: 2F 0-1: Ball 1-1: SINGLE (Groundball, 6MD, EV 104.4 MPH)
|
Batting: RHB Jose Cuellar
|
0-0: SINGLE (Line Drive, 7LS, EV 103.8 MPH) Edwin Romero to second
|
Batting: RHB David Powell
|
0-0: Ball 1-0: Foul Ball, location: 2F 1-1: Called Strike Edwin Romero steals 3rd base 1-2: Ball 2-2: Strikes out swinging
|
Batting: RHB Dave Beerman
|
0-0: Ball 1-0: Called Strike 1-1: Ball 2-1: Fielders Choice at 2nd, 6-4 (Groundball, 6, EV 100.0 MPH)
|
Bottom of the 2nd over - 0 runs, 2 hits, 0 errors, 2 left on base; Ogden 2 - Missoula 0 |
TOP OF THE 3RD |
Ogden Raptors batting - Pitching for Missoula Osprey : RHP Victor Cisneros
|
Batting: RHB Jerry Sanchez
|
0-0: Ball 1-0: Ball 2-0: DOUBLE (Line Drive, 8RXD, EV 103.8 MPH)
|
Batting: LHB Pedro Garza
|
0-0: Ball 1-0: Ground out 5-3 (Groundball, 56, EV 103.8 MPH)
|
Batting: SHB Javy Franco
|
0-0: Ball 1-0: Ball 2-0: Ball 3-0: Base on Balls
|
Batting: SHB Jason Todd
|
0-0: SINGLE (Groundball, 25, EV 71.2 MPH) (infield hit) Jerry Sanchez to third Javy Franco to second
|
Batting: RHB Roberto Sotelo
|
0-0: Ball 1-0: Swinging Strike 1-1: Swinging Strike 1-2: Ball 2-2: Ball 3-2: Base on Balls Jerry Sanchez scores Javy Franco to third Jason Todd to second
|
Batting: RHB Alex Diaz
|
0-0: Fielders Choice at 2nd, 4-6 (Groundball, 4, EV 88.1 MPH) Javy Franco scores Jason Todd to third
|
Batting: RHB Guillermo Puente
|
0-0: Ball 1-0: Ball 2-0: Called Strike 2-1: Fly out, F7 (Flyball, 78D, EV 85.0 MPH)
|
Top of the 3rd over - 2 runs, 2 hits, 0 errors, 2 left on base; Ogden 4 - Missoula 0 |
BOTTOM OF THE 3RD |
Missoula Osprey batting - Pitching for Ogden Raptors : LHP Adrian Huerta
|
Batting: RHB Hyeok Shon
|
0-0: Ground out 6-3 (Groundball, 6, EV 86.2 MPH)
|
Batting: RHB Claude Leduc
|
0-0: Called Strike 0-1: Ball 1-1: Ball 2-1: Foul Ball, location: 2F 2-2: Ball 3-2: Foul Ball, location: 2F 3-2: Foul Ball, location: 2F 3-2: Strikes out swinging
|
Batting: LHB Danny Salas
|
0-0: Called Strike 0-1: Ground out 4-3 (Groundball, 4M, EV 81.2 MPH)
|
Bottom of the 3rd over - 0 runs, 0 hits, 0 errors, 0 left on base; Ogden 4 - Missoula 0 |
TOP OF THE 4TH |
Ogden Raptors batting - Pitching for Missoula Osprey : RHP Victor Cisneros
|
Batting: RHB Felipe Rivera
|
0-0: Ball 1-0: Called Strike 1-1: Called Strike 1-2: Foul Ball, location: 2F 1-2: Foul Ball, location: 2F 1-2: Foul Ball, location: 2F 1-2: Ground out 5-3 (Groundball, 56S, EV 79.4 MPH)
|
Batting: RHB Carlos Gonzalez
|
0-0: Ball 1-0: Called Strike 1-1: Called Strike 1-2: Strikes out swinging
|
Batting: RHB Jerry Sanchez
|
0-0: Swinging Strike 0-1: SOLO HOME RUN (Flyball, 7D, EV 95.0 MPH), Distance : 348 ft
|
Batting: LHB Pedro Garza
|
0-0: Ball 1-0: Ball 2-0: Ball 3-0: Base on Balls
|
Batting: SHB Javy Franco
|
0-0: SINGLE (Groundball, 4M, EV 106.2 MPH) (infield hit) Pedro Garza to second
|
Batting: SHB Jason Todd
|
0-0: Swinging Strike 0-1: Ball 1-1: Fielders Choice at 2nd, 6-4 (Groundball, 56, EV 80.0 MPH)
|
Top of the 4th over - 1 run, 2 hits, 0 errors, 2 left on base; Ogden 5 - Missoula 0 |
BOTTOM OF THE 4TH |
Missoula Osprey batting - Pitching for Ogden Raptors : LHP Adrian Huerta
|
Batting: LHB Ron Mills
|
0-0: DOUBLE (Flyball, 8LXD, EV 95.6 MPH)
|
Batting: LHB Nelson Pelico
|
0-0: Ball 1-0: Ball 2-0: Ball 3-0: Fly out, F8 (Flyball, 8RM, EV 81.9 MPH) Runner from 2nd tags up, SAFE at 3rd with throw by CF
|
Batting: RHB Edwin Romero
|
0-0: Ball 1-0: Ball 2-0: Called Strike 2-1: Fly out, F7 (Flyball, 7, EV 91.9 MPH) Runner from 3rd tags up, SCORES, throw by LF
|
Batting: RHB Jose Cuellar
|
0-0: Hit by Pitch
|
Batting: RHB David Powell
|
0-0: Ball 1-0: Foul Ball, location: 2F 1-1: Fly out, F8 (Flyball, 78S, EV 86.2 MPH)
|
Bottom of the 4th over - 1 run, 1 hit, 0 errors, 1 left on base; Ogden 5 - Missoula 1 |
TOP OF THE 5TH |
Ogden Raptors batting - Pitching for Missoula Osprey : RHP Victor Cisneros
|
Batting: RHB Roberto Sotelo
|
0-0: Ball 1-0: SINGLE (Line Drive, 3D, EV 95.6 MPH)
|
Batting: RHB Alex Diaz
|
0-0: Fielders Choice at 2nd, 4-6 (Groundball, 4S, EV 86.9 MPH)
|
Batting: RHB Guillermo Puente
|
0-0: Ball 1-0: Foul Ball, location: 2F 1-1: Swinging Strike 1-2: Ball 2-2: Strikes out looking
|
Batting: RHB Felipe Rivera
|
0-0: Swinging Strike 0-1: Called Strike 0-2: Fly out, F7 (Flyball, 78M, EV 90.0 MPH)
|
Top of the 5th over - 0 runs, 1 hit, 0 errors, 1 left on base; Ogden 5 - Missoula 1 |
BOTTOM OF THE 5TH |
Missoula Osprey batting - Pitching for Ogden Raptors : LHP Adrian Huerta
|
Batting: RHB Dave Beerman
|
0-0: Ball 1-0: Ball 2-0: Ball 3-0: Base on Balls
|
Batting: RHB Hyeok Shon
|
0-0: Foul Ball, location: 2F 0-1: Foul Ball, location: 2F 0-2: Ball 1-2: Ball 2-2: Strikes out swinging
|
Batting: RHB Claude Leduc
|
0-0: Called Strike 0-1: Ball 1-1: Ball 2-1: Foul Ball, location: 2F 2-2: Foul Ball, location: 2F 2-2: Fielders Choice at 2nd, 4-6 (Groundball, 34D, EV 82.5 MPH)
|
Batting: LHB Danny Salas
|
0-0: 2-RUN HOME RUN (Flyball, 89XD, EV 107.5 MPH), Distance : 422 ft
|
Batting: LHB Ron Mills
|
0-0: Fly out, F8 (Flyball, 8RXD, EV 104.4 MPH)
|
Bottom of the 5th over - 2 runs, 1 hit, 0 errors, 0 left on base; Ogden 5 - Missoula 3 |
TOP OF THE 6TH |
Ogden Raptors batting - Pitching for Missoula Osprey : RHP Victor Cisneros
|
Pitching: RHP Javier Rosales
|
|
Batting: RHB Carlos Gonzalez
|
0-0: Swinging Strike 0-1: Ball 1-1: Ball 2-1: Foul Ball, location: 2F 2-2: Foul Ball, location: 2F 2-2: Strikes out swinging
|
Batting: RHB Jerry Sanchez
|
0-0: Foul Ball, location: 2F 0-1: Ground out 5-3 (Groundball, 5, EV 86.2 MPH)
|
Batting: LHB Pedro Garza
|
0-0: Swinging Strike 0-1: Swinging Strike 0-2: Ball 1-2: Strikes out swinging, 2-3 out at first.
|
Top of the 6th over - 0 runs, 0 hits, 0 errors, 0 left on base; Ogden 5 - Missoula 3 |
BOTTOM OF THE 6TH |
Missoula Osprey batting - Pitching for Ogden Raptors : LHP Adrian Huerta
|
Batting: LHB Nelson Pelico
|
0-0: Ball 1-0: Ball 2-0: Foul Ball, location: 2F 2-1: Ground out 4-3 (Groundball, 4, EV 86.9 MPH)
|
Pitching: RHP Bobby Altamirano
|
|
Batting: RHB Edwin Romero
|
0-0: Called Strike 0-1: Called Strike 0-2: Ball 1-2: SOLO HOME RUN (Flyball, 8LXD, EV 103.8 MPH), Distance : 413 ft
|
Batting: RHB Jose Cuellar
|
0-0: Ball 1-0: Ball 2-0: SINGLE (Flyball, 34D, EV 93.1 MPH)
|
Batting: RHB David Powell
|
0-0: Ball 1-0: Ball 2-0: Ball 3-0: Base on Balls Jose Cuellar to second
|
Batting: RHB Dave Beerman
|
0-0: Ball 1-0: Called Strike 1-1: Called Strike 1-2: 3-RUN HOME RUN (Flyball, 7LD, EV 96.2 MPH), Distance : 333 ft
|
Pitching: RHP Gerardo Diaz
|
|
Batting: RHB Hyeok Shon
|
0-0: Fly out, F8 (Flyball, 78M, EV 91.9 MPH)
|
Batting: RHB Claude Leduc
|
0-0: Ball 1-0: Called Strike 1-1: Foul Ball, location: 2F 1-2: Foul Ball, location: 2F 1-2: Foul Ball, location: 2F 1-2: Ball 2-2: Fly out, F9 (Line Drive, 9, EV 107.5 MPH)
|
Bottom of the 6th over - 4 runs, 3 hits, 0 errors, 0 left on base; Ogden 5 - Missoula 7 |
TOP OF THE 7TH |
Ogden Raptors batting - Pitching for Missoula Osprey : RHP Javier Rosales
|
Batting: SHB Javy Franco
|
0-0: Ball 1-0: Swinging Strike 1-1: Ground out 6-3 (Groundball, 6, EV 78.1 MPH)
|
Batting: SHB Jason Todd
|
0-0: Foul Ball, location: 2F 0-1: Hit by Pitch
|
Batting: RHB Roberto Sotelo
|
0-0: Hit by Pitch Jason Todd to second
|
Pinch Hitting: SHB Guy Jerome
|
0-0: Ball 1-0: Ball Jason Todd steals 3rd base 2-0: Ball 3-0: Called Strike 3-1: Foul Ball, location: 2F 3-2: Foul Ball, location: 2F 3-2: DOUBLE (Line Drive, 9LD, EV 107.5 MPH) Jason Todd scores Roberto Sotelo to third Runner from 3rd tries for Home, throw by RF and OUT! 9-2 Guy Jerome to third
|
Pinch Hitting: RHB David Watkins
|
0-0: Fly out, F3 (Line Drive, 3, EV 70.0 MPH)
|
Top of the 7th over - 1 run, 1 hit, 0 errors, 1 left on base; Ogden 6 - Missoula 7 |
BOTTOM OF THE 7TH |
Missoula Osprey batting - Pitching for Ogden Raptors : RHP Gerardo Diaz
|
Now in CF: Kekoa Kahele
|
|
Now in RF: Jesus Gomez
|
|
Batting: LHB Danny Salas
|
0-0: Ball 1-0: Ball 2-0: Foul Ball, location: 2F 2-1: Fly out, F7 (Flyball, 78D, EV 96.9 MPH)
|
Batting: LHB Ron Mills
|
0-0: Ball 1-0: Ball 2-0: Called Strike 2-1: Ground out 6-3 (Groundball, 4MD, EV 85.0 MPH)
|
Batting: LHB Nelson Pelico
|
0-0: Foul Ball, location: 2F 0-1: Ball 1-1: Foul Ball, location: 5F, Error on foul ball, E5 1-2: Ball 2-2: Ball 3-2: DOUBLE (Groundball, 3L, EV 102.5 MPH)
|
Batting: RHB Edwin Romero
|
0-0: Called Strike 0-1: Foul Ball, location: 2F 0-2: Foul Ball, location: 2F 0-2: Hit by Pitch
|
Batting: RHB Jose Cuellar
|
0-0: Ball 1-0: Swinging Strike 1-1: Ball 2-1: Called Strike 2-2: DOUBLE (Line Drive, 89XD, EV 110.0 MPH) Nelson Pelico scores Edwin Romero to third Runner from 3rd tries for Home, throw by RF and OUT! 9-2
|
Bottom of the 7th over - 1 run, 2 hits, 1 error, 1 left on base; Ogden 6 - Missoula 8 |
TOP OF THE 8TH |
Ogden Raptors batting - Pitching for Missoula Osprey : RHP Javier Rosales
|
Batting: RHB Felipe Rivera
|
0-0: Ground out 3-1 (Groundball, 34, EV 103.8 MPH)
|
Batting: RHB Carlos Gonzalez
|
0-0: Foul Ball, location: 2F 0-1: Ball 1-1: Ball 2-1: Ball 3-1: Foul Ball, location: 2F 3-2: Foul Ball, location: 2F 3-2: Ground out 5-3 (Groundball, 5S, EV 82.5 MPH)
|
Batting: RHB Jerry Sanchez
|
0-0: Foul Ball, location: 2F 0-1: Foul Ball, location: 2F 0-2: Strikes out swinging, 2-3 out at first.
|
Top of the 8th over - 0 runs, 0 hits, 0 errors, 0 left on base; Ogden 6 - Missoula 8 |
BOTTOM OF THE 8TH |
Missoula Osprey batting - Pitching for Ogden Raptors : RHP Gerardo Diaz
|
Batting: RHB David Powell
|
0-0: Ground out 5-3 (Groundball, 56, EV 87.5 MPH)
|
Batting: RHB Dave Beerman
|
0-0: Called Strike 0-1: Ball 1-1: Ball 2-1: Called Strike 2-2: Ground out 6-3 (Groundball, 6S, EV 90.0 MPH)
|
Batting: RHB Hyeok Shon
|
0-0: Ball 1-0: Foul Ball, location: 2F 1-1: Ball 2-1: Ball 3-1: Ground out 4-3 (Groundball, 4, EV 88.1 MPH)
|
Bottom of the 8th over - 0 runs, 0 hits, 0 errors, 0 left on base; Ogden 6 - Missoula 8 |
TOP OF THE 9TH |
Ogden Raptors batting - Pitching for Missoula Osprey : RHP Javier Rosales
|
Pitching: LHP Bobby Manning
|
|
Now at 2B: Hyeok Shon
|
|
Now at SS: Mike Smith
|
|
Batting: LHB Pedro Garza
|
0-0: Ball 1-0: Ball 2-0: Ground out 6-3 (Groundball, 6, EV 90.6 MPH)
|
Batting: SHB Javy Franco
|
0-0: Foul Ball, location: 2F 0-1: Foul Ball, location: 2F 0-2: Ball 1-2: Ball 2-2: Ball 3-2: SINGLE (Groundball, 34D, EV 104.4 MPH)
|
Batting: SHB Jason Todd
|
0-0: Called Strike 0-1: Ball 1-1: Fly out, F9 (Flyball, 9, EV 78.1 MPH)
|
Batting: RHB Roberto Sotelo
|
0-0: Called Strike 0-1: Foul Ball, location: 2F 0-2: Foul Ball, location: 2F 0-2: Ball 1-2: Foul Ball, location: 2F 1-2: Strikes out swinging
|
Top of the 9th over - 0 runs, 1 hit, 0 errors, 1 left on base; Ogden 6 - Missoula 8 |
|